 Dungeon Crawl Stone Soup version 0.22.0-13-g43fe8f2 (webtiles) character file.

36 letownia2 the Insei (level 3, 7/26 HPs)
             Began as a Demonspawn Transmuter on Aug 16, 2018.
             Quit the game on level 1 of the Dungeon.
             The game lasted 00:02:15 (346 turns).

letownia2 the Insei (Demonspawn Transmuter)          Turns: 346, Time: 00:02:16

Health: 7/26       AC:  2    Str: 11    XL:     3   Next: 19%
Magic:  6/6        EV: 12    Int: 14    God:
Gold:   11         SH:  0    Dex: 13    Spells: 0/6 levels left

rFire    . . .     SeeInvis .     - Unarmed
rCold    . . .     Gourm    .   (no shield)
rNeg     . . .     Faith    .   b - +0 robe
rPois    .         Spirit   .   (no helmet)
rElec    .         Reflect  .   (no cloak)
rCorr    .         Harm     .   (no gloves)
MR       .....                  (no boots)
Stlth    ++........             (no amulet)
HPRegen  0.08/turn              (no ring)
MPRegen  0.10/turn              (no ring)

@: no status effects
A: hooves 1, nightstalker 1
a: no special abilities


You were on level 1 of the Dungeon.
You were not hungry.

You visited 1 branch of the dungeon, and saw 3 of its levels.

You collected 11 gold pieces.

Inventory:

Hand Weapons
 e - a +0 hunting sling
Missiles
 a - 12 arrows
 c - 27 sling bullets
 g - 34 poisoned needles
Armour
 b - a +0 robe (worn)
 k - a +0 chain mail
 l - a +0 scale mail
Scrolls
 f - 2 scrolls of random uselessness {unknown}
 h - a scroll of remove curse {unknown}
 i - a scroll of immolation {unknown}
 j - a scroll of enchant weapon {unknown}
 m - a scroll of enchant armour {unknown}
Comestibles
 d - a ration


   Skills:
 + Level 1.0 Fighting
 - Level 1.7 Dodging
 + Level 3.9 Unarmed Combat
 - Level 2.0 Spellcasting
 - Level 1.7 Transmutations


You couldn't memorise any spells.
You knew the following spells:

 Your Spells              Type           Power        Failure   Level  Hunger
a - Beastly Appendage     Tmut           #.....       12%         1    ##.....
l - Sticks to Snakes      Tmut           #.......     17%         2    ###....
p - Spider Form           Tmut/Pois      #.........   45%         3    ####...

Your spell library contained the following spells:

 Spells                   Type           Power        Failure   Level  Hunger
 Blade Hands              Tmut           #.........   97%         5    ######.
 Ice Form                 Ice/Tmut       #.......     86%         4    #####..


Dungeon Overview and Level Annotations

Branches:
Dungeon (3/15)

Altars:


Innate Abilities, Weirdness & Mutations

You have large cloven feet.
You are slightly more attuned to the shadows.


Message History

You closely miss the bat. You kick the bat.
You kill the bat!
You swing at nothing.
A dart slug comes into view.
Your horns disappear.
The helpless dart slug fails to defend itself.
You hit the dart slug.
The dart slug is heavily wounded.
You hit the dart slug.
The dart slug is severely wounded.
The dart slug barely misses you.
You hit the dart slug.
You kill the dart slug!
Found a scale mail.
You see here a scale mail.
l - a scale mail
There is a stone staircase leading up here.
You climb upwards.
There is a stone staircase leading down here.
Are you sure you want to abandon this character and quit the game? (Confirm with "yes".)

..#.###############.#.#
( .. ................#
### #######.##.####.#
.$..............#
########.#.###..# #...#
#..# ##..# ...#
##..#.#... #..@#.###.
#.### . #. #. #. #.


There were no monsters in sight!

Vanquished Creatures
  A worker ant (D:2)
  A dart slug (D:2)
  A leopard gecko (D:1)
  2 giant cockroaches
  A goblin (D:1)
  3 bats
  A rat (D:2)
10 creatures vanquished.

Notes
Turn   | Place    | Note
-------+----------+-------------------------------------------
     0 | D:1      | letownia2 the Demonspawn Transmuter began the quest for the Orb.
     0 | D:1      | Reached XP level 1. HP: 15/15 MP: 3/3
    88 | D:1      | Reached skill level 3 in Unarmed Combat
   224 | D:2      | Gained mutation: You have large cloven feet. [demonic ancestry]
   224 | D:2      | Reached XP level 2. HP: 8/21 MP: 5/5
   245 | D:2      | Gained mutation: You are slightly more attuned to the shadows. [demonic ancestry]
   245 | D:2      | Reached XP level 3. HP: 6/26 MP: 4/6
   300 | D:2      | Learned a level 2 spell: Sticks to Snakes
   304 | D:2      | Learned a level 3 spell: Spider Form
   346 | D:1      | Quit the game

Skill      XL: |  1 |
---------------+----+-----
Unarmed Combat | 3 |  3.9
Fighting       | |  1.0
Dodging        | |  1.7
Spellcasting   | |  2.0
Transmutations | |  1.7

Action                   || total
-------------------------++-------
Melee: Unarmed           ||    41
       Kick              ||     3
       Headbutt          ||     1
 Cast: Beastly Appendage ||     8
  Use: Potion            ||     2
 Stab: Sleeping          ||     2
Armor: Robe              ||    11
       Skin              ||     4
Dodge: Dodged            ||    32
